 Dungeon Crawl Stone Soup version 0.19.5 (webtiles) character file.

42 st0uf the Digger (level 3, -2/19 HPs)
             Began as a Gargoyle Earth Elementalist on Apr 16, 2017.
             Killed from afar by Sigmund (4 damage)
             ... with a magic dart
             ... on level 2 of the Dungeon.
             The game lasted 00:05:38 (1319 turns).

st0uf the Digger (Gargoyle Earth Elementalist)      Turns: 1319, Time: 00:05:38

Health: -2/19      AC:  7    Str: 11    XL:     3   Next: 56%
Magic:  7/7        EV: 12    Int: 16    God:
Gold:   75         SH:  0    Dex: 10    Spells: 1 memorised, 7 levels left

rFire  . . .     SeeInvis .     b - 107 stones
rCold  . . .     Gourm    .     c - +0 robe
rNeg   + . .     Faith    .     (no shield)
rPois  ∞         Spirit   .     q - +0 helmet
rElec  +         Reflect  .     (no cloak)
rCorr  .         Harm     .     m - +0 pair of gloves
MR     .....                    (no boots)
Stlth  ++........               (no amulet)
                                (no ring)
                                (no ring)

@: no status effects
A: negative energy resistance 1, electricity resistance, unbreathing,
petrification resistance, rot immunity, AC +3
a: no special abilities


You were on level 2 of the Dungeon.
You were hungry.

You visited 1 branch of the dungeon, and saw 2 of its levels.

You collected 75 gold pieces.

Inventory:

Missiles
 b - 107 stones (in hand)
Armour
 c - a +0 robe (worn)
 m - a +0 pair of gloves (worn)
 q - a +0 helmet (worn)
Scrolls
 a - a scroll of fear {unknown}
 f - a scroll of teleportation {unknown}
 h - a scroll of fog {unknown}
 i - 2 scrolls of amnesia {unknown}
 j - a scroll of remove curse {unknown}
 k - a scroll of identify {unknown}
 n - a scroll of blinking {unknown}
 o - 3 scrolls of immolation {unknown}
Potions
 g - a potion of heal wounds {unknown}
 l - 2 potions of agility {unknown}
 p - a potion of ambrosia {unknown}
 r - 3 potions of haste {unknown}
Books
 e - a book of Geomancy

   Spells                             Type                      Level
   a - Sandblast                      Earth                        1
   b - Passwall                       Transmutation/Earth          2
   c - Stone Arrow                    Conjuration/Earth            3
   d - Petrify                        Transmutation/Earth          4
   e - Lee's Rapid Deconstruction     Earth                        5
Comestibles
 d - 2 bread rations
 s - 2 chunks of flesh
 t - a beef jerky


   Skills:
 - Level 1.5 Dodging
 - Level 2.1 Stealth
 + Level 3.0 Spellcasting
   Level 0.7 Transmutations
 + Level 4.4 Earth Magic


You had 7 spell levels left.
You knew the following spells:

 Your Spells              Type           Power        Failure   Level  Hunger
a - Sandblast             Erth           ###...       3%          1    #......


Dungeon Overview and Level Annotations

Branches:
Dungeon (2/15)

Altars:
Cheibriados
Okawaru
Ru

Annotations:
D:2 Sigmund


Innate Abilities, Weirdness & Mutations

You are resistant to torment.
Your stone body is resilient. (AC +3)
You are immune to poison.
You resist negative energy. (rN+)
You are resistant to electric shocks. (rElec)
You can survive without breathing.
You are immune to petrification.
You are immune to rotting.


Message History

Sigmund points at you and mumbles some strange words.
The puff of flame hits you!
Sigmund gestures wildly while chanting.
Sigmund flickers and vanishes!
Deactivating autopickup; reactivate with Ctrl-A.
You are confused.
You are feeling hungry.
Something hits you but does no damage.
You feel less confused.
You hear some strange, mumbled words.
Something tries to affect you, but you resist.
A magic dart appears from out of thin air!
The magic dart hits you!
Found 3 fruits.
A magic dart appears from out of thin air!
The magic dart hits you!
* * * LOW HITPOINT WARNING * * *
A magic dart appears from out of thin air!
The magic dart hits you!
You die...

#.##.##.# #####
#.####........ ..._#
#>....###.##.# #'#§###
#####.# #.# #.###.# #.#
.# # ...##.# ###.###.##.#
##.##.## #..........#
##.....#####÷###.#.####
#####...........@..#
###.....#...♣...#..#
......#....♣.♣....##
###.......♣.♣.♣...#######
.........♣.♣.♣.♣........#
....##..♣.♣._.♣.♣..####.#
.........♣.♣.♣.♣.{....#.#
#.........♣.♣.♣.........#
...........♣.♣..........#


There were no monsters in sight!

Vanquished Creatures
  An adder (D:2)
  A worm (D:2)
  2 dart slugs (D:1)
  3 leopard geckos
  A bat (D:2)
  2 giant cockroaches (D:1)
  A goblin (D:1)
  4 hobgoblins
  2 jackals (D:1)
  A ball python (D:1)
  2 frilled lizards (D:1)
  A kobold (D:2)
  A rat (D:1)
22 creatures vanquished.

Notes
Turn   | Place    | Note
-------+----------+-------------------------------------------
     0 | D:1      | st0uf the Gargoyle Earth Elementalist began the quest for the Orb.
     0 | D:1      | Reached XP level 1. HP: 10/10 MP: 3/3
   214 | D:1      | Reached XP level 2. HP: 15/15 MP: 3/5
   283 | D:1      | Reached skill level 4 in Earth Magic
   921 | D:2      | Reached XP level 3. HP: 19/19 MP: 1/7
   923 | D:2      | Found an iron altar of Okawaru.
  1084 | D:2      | Found a snail-covered altar of Cheibriados.
  1084 | D:2      | Found a sacrificial altar of Ru.
  1285 | D:2      | Noticed Sigmund
  1319 | D:2      | Killed from afar by Sigmund

Skill      XL: |  1  2  3 |
---------------+----------+-----
Earth Magic    | 4 |  4.4
Spellcasting   | 3 |  3.0
Dodging        | |  1.5
Stealth        | |  2.1
Transmutations | |  0.7

Action                   || total
-------------------------++-------
 Cast: Sandblast         ||    47
  Eat: Chunk             ||     1
Armor: Robe              ||    11
Dodge: Dodged            ||    15
